EL
HARRISBURG SENATORS @ MISSISSIPPI BRAVES
09/17/2049
 
TOP OF THE 1ST
Harrisburg Senators batting - Pitching for Mississippi Braves : LHP Carlos Salcido
Pitching: LHP Carlos Salcido
Batting: RHB Ryan Hiemer 0-0: Swinging Strike
0-1: Foul Ball, location: 2F
0-2: Foul Ball, location: 2F
0-2: Strikes out looking
Batting: RHB Bobby Bricker 0-0: Ball
1-0: Swinging Strike
1-1: Ball
2-1: Ground out 3-1 (Groundball, 34, EV 101.9 MPH)
Batting: RHB Er Le 0-0: Foul Ball, location: 2F
0-1: Called Strike
0-2: Ball
1-2: Foul Ball, location: 2F
1-2: Strikes out looking
Top of the 1st over - 0 runs, 0 hits, 0 errors, 0 left on base; Harrisburg 0 - Mississippi 0
BOTTOM OF THE 1ST
Mississippi Braves batting - Pitching for Harrisburg Senators : RHP Josh Wellman
Pitching: RHP Josh Wellman
Batting: LHB Sal Fernandez 0-0: Ball
1-0: Swinging Strike
1-1: Foul Ball, location: 2F
1-2: Strikes out swinging
Batting: RHB Justin Reich 0-0: Ball
1-0: Foul Ball, location: 2F
1-1: Ball
2-1: Ball
3-1: Foul Ball, location: 2F
3-2: Foul Ball, location: 2F
3-2: Base on Balls
Batting: LHB Art D'Ascenzo 0-0: Ball
1-0: Ball
2-0: SINGLE (Groundball, 6D, EV 106.2 MPH)
Justin Reich to second
Batting: RHB Eddie McCoy 0-0: Called Strike
0-1: Grounds into double play, 6-4-3 (Groundball, 6, EV 105.0 MPH)
Bottom of the 1st over - 0 runs, 1 hit, 0 errors, 1 left on base; Harrisburg 0 - Mississippi 0
TOP OF THE 2ND
Harrisburg Senators batting - Pitching for Mississippi Braves : LHP Carlos Salcido
Batting: RHB Antonio Laurel 0-0: Ball
1-0: Ball
2-0: Ball
3-0: Base on Balls
Batting: RHB Antonio Vallez 0-0: Ball
1-0: Ball
2-0: Called Strike
2-1: Fielders Choice at 2nd, 3-6 (Groundball, 3S, EV 78.8 MPH)
Batting: RHB Willie de los Santos 0-0: Ball
Antonio Vallez steals 2nd base
1-0: Swinging Strike
1-1: Ball
2-1: Fly out, F7 (Flyball, 7, EV 96.2 MPH)
Batting: RHB Roger Simmons 0-0: Foul Ball, location: 2F
0-1: Called Strike
0-2: Ball
1-2: Ball
2-2: Strikes out looking
Top of the 2nd over - 0 runs, 0 hits, 0 errors, 1 left on base; Harrisburg 0 - Mississippi 0
BOTTOM OF THE 2ND
Mississippi Braves batting - Pitching for Harrisburg Senators : RHP Josh Wellman
Batting: RHB Paul Landes 0-0: Called Strike
0-1: Swinging Strike
0-2: Ball
1-2: Strikes out swinging
Batting: RHB Costantino Dolfini 0-0: Called Strike
0-1: Foul Ball, location: 2F
0-2: Fly out, F5 (Popup, 56S, EV 75.0 MPH)
Batting: RHB Hieronim Rutkowski 0-0: DOUBLE (Line Drive, 9LS, EV 95.0 MPH)
Batting: SHB Jose Melendez 0-0: Ball
1-0: Foul Ball, location: 2F
1-1: Ball
2-1: Ball
3-1: Foul Ball, location: 2F
3-2: Base on Balls
Batting: LHB Fred Arends 0-0: Foul Ball, location: 2F
0-1: Called Strike
0-2: Strikes out looking
Bottom of the 2nd over - 0 runs, 1 hit, 0 errors, 2 left on base; Harrisburg 0 - Mississippi 0
TOP OF THE 3RD
Harrisburg Senators batting - Pitching for Mississippi Braves : LHP Carlos Salcido
Batting: LHB Chris Williams 0-0: Called Strike
0-1: Ball
1-1: Called Strike
1-2: Foul Ball, location: 2F
1-2: Ball
2-2: Ball
3-2: Ground out 6-3 (Groundball, P, EV 77.5 MPH)
Batting: RHB Victor Cintron 0-0: Ball
1-0: Foul Ball, location: 2F
1-1: Foul Ball, location: 2F
1-2: Ball
2-2: Fly out, F8 (Flyball, 8LM, EV 90.0 MPH)
Batting: RHB Ryan Hiemer 0-0: Ball
1-0: Foul Ball, location: 2F
1-1: SOLO HOME RUN (Flyball, 7D, EV 98.8 MPH), Distance : 374 ft
Batting: RHB Bobby Bricker 0-0: Fly out, F7 (Flyball, 78M, EV 84.4 MPH)
Top of the 3rd over - 1 run, 1 hit, 0 errors, 0 left on base; Harrisburg 1 - Mississippi 0
BOTTOM OF THE 3RD
Mississippi Braves batting - Pitching for Harrisburg Senators : RHP Josh Wellman
Batting: LHB Sal Fernandez 0-0: Called Strike
0-1: Ground out 4-3 (Groundball, 4, EV 88.1 MPH)
Batting: RHB Justin Reich 0-0: Fly out, F7 (Flyball, 78D, EV 85.0 MPH)
Batting: LHB Art D'Ascenzo 0-0: Ball
1-0: Called Strike
1-1: Ball
2-1: Foul Ball, location: 2F
2-2: Ball
3-2: Strikes out swinging
Bottom of the 3rd over - 0 runs, 0 hits, 0 errors, 0 left on base; Harrisburg 1 - Mississippi 0
TOP OF THE 4TH
Harrisburg Senators batting - Pitching for Mississippi Braves : LHP Carlos Salcido
Batting: RHB Er Le 0-0: Called Strike
0-1: Ball
1-1: Ball
2-1: Ground out 5-3 (Groundball, 5L, EV 102.5 MPH)
Batting: RHB Antonio Laurel 0-0: Ball
1-0: Ball
2-0: Called Strike
2-1: Ball
3-1: Base on Balls
Batting: RHB Antonio Vallez 0-0: Foul Ball, location: 2F
0-1: Ball
1-1: Called Strike
1-2: Ball
2-2: Foul Ball, location: 2F
2-2: Foul Ball, location: 2F
2-2: Foul Ball, location: 2F
2-2: Strikes out swinging
Batting: RHB Willie de los Santos 0-0: Called Strike
0-1: SINGLE (Groundball, 6, EV 105.0 MPH)
Antonio Laurel to second
Batting: RHB Roger Simmons 0-0: Foul Ball, location: 2F
0-1: Ground out 4-3 (Groundball, 34, EV 85.0 MPH)
Top of the 4th over - 0 runs, 1 hit, 0 errors, 2 left on base; Harrisburg 1 - Mississippi 0
BOTTOM OF THE 4TH
Mississippi Braves batting - Pitching for Harrisburg Senators : RHP Josh Wellman
Batting: RHB Eddie McCoy 0-0: Foul Ball, location: 2F
0-1: Ball
1-1: Ball
2-1: Foul Ball, location: 2F
2-2: Foul Ball, location: 2F
2-2: Ball
3-2: Ground out 1-3 (Groundball, 13, EV 60.6 MPH)
Batting: RHB Paul Landes 0-0: Ball
1-0: Ball
2-0: Ball
3-0: Called Strike
3-1: Foul Ball, location: 2F
3-2: Strikes out swinging
Batting: RHB Costantino Dolfini 0-0: Called Strike
0-1: Swinging Strike
0-2: Ball
1-2: Ball
2-2: SINGLE (Groundball, 56D, EV 99.4 MPH)
Batting: RHB Hieronim Rutkowski 0-0: Ball
1-0: Called Strike
1-1: Swinging Strike
1-2: Ball
2-2: Strikes out swinging
Bottom of the 4th over - 0 runs, 1 hit, 0 errors, 1 left on base; Harrisburg 1 - Mississippi 0
TOP OF THE 5TH
Harrisburg Senators batting - Pitching for Mississippi Braves : LHP Carlos Salcido
Batting: LHB Chris Williams 0-0: Swinging Strike
0-1: Ball
1-1: Ball
2-1: Ball
3-1: Ground out 6-3 (Groundball, 56, EV 105.0 MPH)
Batting: RHB Victor Cintron 0-0: Ball
1-0: Foul Ball, location: 2F
1-1: Ball
2-1: Foul Ball, location: 2F
2-2: Ball
3-2: Strikes out swinging
Batting: RHB Ryan Hiemer 0-0: SINGLE (Line Drive, 8RS, EV 88.8 MPH)
Batting: RHB Bobby Bricker 0-0: Fly out, F7 (Flyball, 7, EV 89.4 MPH)
Top of the 5th over - 0 runs, 1 hit, 0 errors, 1 left on base; Harrisburg 1 - Mississippi 0
BOTTOM OF THE 5TH
Mississippi Braves batting - Pitching for Harrisburg Senators : RHP Josh Wellman
Batting: SHB Jose Melendez 0-0: Called Strike
0-1: Ball
1-1: Ball
2-1: Called Strike
2-2: Strikes out looking
Batting: LHB Fred Arends 0-0: Foul Ball, location: 2F
0-1: Foul Ball, location: 2F
0-2: Ball
1-2: Foul Ball, location: 2F
1-2: Foul Ball, location: 2F
1-2: Strikes out swinging
Batting: LHB Sal Fernandez 0-0: Ball
1-0: Ball
2-0: Swinging Strike
2-1: Ball
3-1: Swinging Strike
3-2: Fly out, F5 (Popup, 5SF, EV 80.6 MPH)
Bottom of the 5th over - 0 runs, 0 hits, 0 errors, 0 left on base; Harrisburg 1 - Mississippi 0
TOP OF THE 6TH
Harrisburg Senators batting - Pitching for Mississippi Braves : LHP Carlos Salcido
Batting: RHB Er Le 0-0: Foul Ball, location: 2F
0-1: Ball
1-1: Ball
2-1: SINGLE (Groundball, 34S, EV 67.5 MPH) (infield hit)
Batting: RHB Antonio Laurel 0-0: Swinging Strike
0-1: Called Strike
0-2: Foul Ball, location: 2F
0-2: Foul Ball, location: 2F
0-2: Foul Ball, location: 2F
0-2: Strikes out swinging
Pitching: RHP Nate Bixler
Batting: RHB Antonio Vallez 0-0: Called Strike
Er Le is caught stealing 2nd base 2-4
0-1: Ball
1-1: Foul Ball, location: 2F
1-2: Ball
2-2: Strikes out swinging
Top of the 6th over - 0 runs, 1 hit, 0 errors, 0 left on base; Harrisburg 1 - Mississippi 0
BOTTOM OF THE 6TH
Mississippi Braves batting - Pitching for Harrisburg Senators : RHP Josh Wellman
Batting: RHB Justin Reich 0-0: Ball
1-0: Ball
2-0: SINGLE (Flyball, 8RS, EV 90.6 MPH)
Batting: LHB Art D'Ascenzo 0-0: Ball
1-0: Ball
2-0: SINGLE (Groundball, 4MD, EV 108.1 MPH)
Justin Reich to second
Batting: RHB Eddie McCoy 0-0: Called Strike
0-1: Foul Ball, location: 2F
0-2: Ball
1-2: Ball
2-2: Foul Ball, location: 2F
2-2: Foul Ball, location: 2F
2-2: Ball
3-2: Ground out 6-3 (Groundball, 6MD, EV 108.1 MPH)
Justin Reich to third
Art D'Ascenzo to second
Pitching: RHP Jason Beck
Batting: RHB Paul Landes 0-0: Ball
1-0: Called Strike
1-1: Foul Ball, location: 2F
1-2: Foul Ball, location: 2F
1-2: Ball
2-2: Foul Ball, location: 2F
2-2: Ground out 1-3 (Groundball, P, EV 69.4 MPH)
Batting: RHB Costantino Dolfini 0-0: Called Strike
0-1: Ball
1-1: Foul Ball, location: 2F
1-2: Strikes out looking
Bottom of the 6th over - 0 runs, 2 hits, 0 errors, 2 left on base; Harrisburg 1 - Mississippi 0
TOP OF THE 7TH
Harrisburg Senators batting - Pitching for Mississippi Braves : RHP Nate Bixler
Batting: RHB Willie de los Santos 0-0: Ball
1-0: Ground out 5-3 (Groundball, 56, EV 98.8 MPH)
Batting: RHB Roger Simmons 0-0: SOLO HOME RUN (Flyball, 7D, EV 98.8 MPH), Distance : 385 ft
Batting: LHB Chris Williams 0-0: Ball
1-0: Swinging Strike
1-1: Foul Ball, location: 2F
1-2: Foul Ball, location: 2F
1-2: Foul Ball, location: 2F
1-2: Strikes out swinging
Batting: RHB Victor Cintron 0-0: Called Strike
0-1: Ball
1-1: Ball
2-1: Ground out 4-3 (Groundball, 4, EV 81.2 MPH)
Top of the 7th over - 1 run, 1 hit, 0 errors, 0 left on base; Harrisburg 2 - Mississippi 0
BOTTOM OF THE 7TH
Mississippi Braves batting - Pitching for Harrisburg Senators : RHP Jason Beck
Batting: RHB Hieronim Rutkowski 0-0: Ball
1-0: Ground out 4-3 (Groundball, 34, EV 88.8 MPH)
Batting: SHB Jose Melendez 0-0: Ball
1-0: Fly out, F8 (Flyball, 8RD, EV 85.0 MPH)
Batting: LHB Fred Arends 0-0: SOLO HOME RUN (Flyball, 9LD, EV 94.4 MPH), Distance : 341 ft
Batting: LHB Sal Fernandez 0-0: Ball
1-0: Foul Ball, location: 2F
1-1: Ball
2-1: Fly out, F5 (Popup, 5S, EV 75.6 MPH)
Bottom of the 7th over - 1 run, 1 hit, 0 errors, 0 left on base; Harrisburg 2 - Mississippi 1
TOP OF THE 8TH
Harrisburg Senators batting - Pitching for Mississippi Braves : RHP Nate Bixler
Pitching: RHP Troy Hutch
Batting: RHB Ryan Hiemer 0-0: Ball
1-0: Swinging Strike
1-1: Foul Ball, location: 2F
1-2: Strikes out swinging
Batting: RHB Bobby Bricker 0-0: Called Strike
0-1: Ball
1-1: Fly out, F9 (Flyball, 9, EV 84.4 MPH)
Batting: RHB Er Le 0-0: Called Strike
0-1: Ball
1-1: Ball
2-1: Swinging Strike
2-2: Ground out U3 (Groundball, 3, EV 86.9 MPH)
Top of the 8th over - 0 runs, 0 hits, 0 errors, 0 left on base; Harrisburg 2 - Mississippi 1
BOTTOM OF THE 8TH
Mississippi Braves batting - Pitching for Harrisburg Senators : RHP Jason Beck
Pinch Hitting: LHB Ricardo Sandoval 0-0: Ball
1-0: Ball
2-0: Ball
3-0: Base on Balls
Batting: LHB Art D'Ascenzo 0-0: Ball
Ricardo Sandoval is caught stealing 2nd base 2-6
1-0: Ground out 5-3 (Groundball, 6, EV 83.1 MPH)
Batting: RHB Eddie McCoy 0-0: Fly out, F7 (Line Drive, 7LM, EV 87.5 MPH)
Bottom of the 8th over - 0 runs, 0 hits, 0 errors, 0 left on base; Harrisburg 2 - Mississippi 1
TOP OF THE 9TH
Harrisburg Senators batting - Pitching for Mississippi Braves : RHP Troy Hutch
Pitching: LHP Justin Hawk
Now at SS: Ricardo Sandoval
Batting: RHB Antonio Laurel 0-0: Foul Ball, location: 2F
0-1: Ball
1-1: Ground out 5-3 (Groundball, 56, EV 94.4 MPH)
Batting: RHB Antonio Vallez 0-0: Swinging Strike
0-1: TRIPLE (Groundball, 3L, EV 100.0 MPH)
Batting: RHB Willie de los Santos 0-0: Called Strike
0-1: SINGLE (Groundball, 6, EV 88.1 MPH) (infield hit)
Antonio Vallez scores
Batting: RHB Roger Simmons 0-0: Ball
1-0: Swinging Strike
1-1: Ball
2-1: Swinging Strike
2-2: Ball
3-2: Foul Ball, location: 2F
3-2: Ground out 6-3 (Groundball, 6M, EV 96.9 MPH)
Willie de los Santos to second
Pitching: RHP Chris Hawkins
Batting: LHB Chris Williams 0-0: Ball
Wild Pitch!
Willie de los Santos to third
1-0: Ball
2-0: Called Strike
2-1: SINGLE (Groundball, 6M, EV 97.5 MPH)
Willie de los Santos scores
Batting: RHB Victor Cintron 0-0: Called Strike
0-1: Swinging Strike
0-2: Strikes out swinging
Top of the 9th over - 2 runs, 3 hits, 0 errors, 1 left on base; Harrisburg 4 - Mississippi 1
BOTTOM OF THE 9TH
Mississippi Braves batting - Pitching for Harrisburg Senators : RHP Jason Beck
Pitching: RHP Stacey Kerssies
Batting: RHB Paul Landes 0-0: Fly out, F7 (Flyball, 7LM, EV 77.5 MPH)
Batting: RHB Costantino Dolfini 0-0: Called Strike
0-1: Ball
1-1: Ball
2-1: Fly out, F9 (Flyball, 9S, EV 88.1 MPH)
Batting: RHB Hieronim Rutkowski 0-0: Ball
1-0: Called Strike
1-1: Swinging Strike
1-2: Ball
2-2: Ball
3-2: Foul Ball, location: 2F
3-2: Ground out 6-3 (Groundball, 6M, EV 110.0 MPH)
Bottom of the 9th over - 0 runs, 0 hits, 0 errors, 0 left on base; Harrisburg 4 - Mississippi 1
Sunday, July 16th , 2023 - OOTP Baseball 24.6 Build 69